 Dungeon Crawl Stone Soup version 0.19.0-2-gae57169 (webtiles) character file.

1256 dobroeutro the Ruffian (level 8, -4/79 HPs)
             Began as a Troll Monk on Nov 6, 2016.
             Was the Champion of Cheibriados.
             Slain by Edmund
             ... wielding a +2 flail of holy wrath
              (5 damage)
             ... on level 6 of the Dungeon.
             The game lasted 00:06:40 (3672 turns).

dobroeutro the Ruffian (Troll Monk)                 Turns: 3672, Time: 00:06:40

Health: -4/79      AC:  6    Str: 34 (37) XL:     8   Next: 26%
Magic:  9/9        EV: 14    Int: 23 (26) God:    Cheibriados [******]
Gold:   289        SH:  0    Dex: 26 (27) Spells: 0 memorised, 7 levels left

rFire  + . .     SeeInvis .       - Unarmed
rCold  + . .     Gourm    +     a - +0 robe
rNeg   . . .     Faith    .     (no shield)
rPois  +         Spirit   .     (helmet restricted)
rElec  +         Reflect  .     x - +0 cloak
rCorr  +         Harm     .     (gloves unavailable)
MR     .....                    (boots unavailable)
Stlth  +.........               (no amulet)
                                w - ring of loudness (curse)
                                m - ring of flight

@: brilliant, resistant, flying, very slow
A: unfitting armour, claws 3, fast metabolism 3, gourmand, regeneration 1,
shaggy fur 1, tough skin 2
a: Bend Time, Temporal Distortion, Slouch, Step From Time, Renounce Religion


You were on level 6 of the Dungeon.
You worshipped Cheibriados.
Cheibriados was exalted by your worship.
You were completely stuffed.

You visited 1 branch of the dungeon, and saw 6 of its levels.

You collected 289 gold pieces.

Inventory:

Armour
 a - a +0 robe (worn)
 x - a +0 cloak (worn)
Jewellery
 m - a ring of flight (left claw)
 w - a cursed ring of loudness (right claw)
Wands
 s - a wand of slowing (9/48)
Scrolls
 c - 6 scrolls of remove curse {unknown}
 f - 6 scrolls of identify {unknown}
 i - 3 scrolls of enchant armour {unknown}
 j - 2 scrolls of magic mapping {unknown}
 n - 4 scrolls of teleportation {unknown}
 p - 3 scrolls of recharging {unknown}
 r - a scroll of random uselessness {unknown}
Potions
 d - a potion of resistance
 e - 3 potions of heal wounds
 g - a potion of berserk rage {unknown}
 h - 6 potions of curing
 k - 2 potions of flight
 u - a potion of might {unknown}
Comestibles
 b - 3 bread rations
 t - a beef jerky
 v - 2 chunks of flesh
 z - a meat ration


   Skills:
 + Level 4.6 Fighting
 + Level 3.5 Armour
 + Level 4.5 Dodging
 - Level 1.0 Stealth
 + Level 5.2 Unarmed Combat
 + Level 3.3 Invocations


You had 7 spell levels left.
You didn't know any spells.

Dungeon Overview and Level Annotations

Branches:
Dungeon (6/15)
 Temple: D:4-7

Altars:
Cheibriados
Fedhas
Trog

Shops:
D:5 (

Annotations:
D:6 Edmund


Innate Abilities, Weirdness & Mutations

You are too large for most types of armour.
You have claws for hands.
Your metabolism is lightning-fast.
You like to eat raw meat.
Your natural rate of healing is unusually fast.
You are covered in fur. (AC +1)
You have very tough skin. (AC +2)


Message History

* * * LOW HITPOINT WARNING * * *
The orc closely misses you.
It was a potion of degeneration.
There was something very wrong with that liquid.
You feel weakened.
You feel dopey.
You feel clumsy.
The orc closely misses you. x2; Edmund barely misses you.
The orc closely misses you. The orc hits you but does no damage.
It was a potion of brilliance.
You feel clever all of a sudden. The orc closely misses you.
The orc hits you but does no damage. The orc closely misses you.
Edmund hits you with a flail of holy wrath!
* * * LOW HITPOINT WARNING * * *
The orc hits you with a dagger.
* * * LOW HITPOINT WARNING * * *
It was a potion of magic.
Magic courses through your body. The orc misses you.
The orc completely misses you. The orc barely misses you.
The orc closely misses you.
Edmund hits you with a flail of holy wrath.
You die...

...... #.... ##....
#.... ###...# #.
....o# ...#oo@#
###.#o@o###
#.........#
#.........#
#.........#
###.........########
....................
##.....รท...########
##..........#
##...........#


You could see Edmund and 5 orcs.

Vanquished Creatures
  An orc warrior (D:6)
  2 phantoms (D:5)
  2 big kobolds (D:4)
  A scorpion (D:6)
  3 crimson imps (D:5)
  A bullfrog skeleton (D:4)
  An orc priest (D:5)
  Jessica (D:2)
  2 iguanas
  3 orc wizards (D:5)
  3 worker ants
  11 gnolls (D:4)
  7 adders
  A shadow imp (D:5)
  2 oozes
  2 adder skeletons (D:4)
  3 worms (D:2)
  2 dart slugs
  4 leopard geckos
  23 orcs
  A ball python (D:4)
  4 giant cockroaches
  35 goblins
  21 hobgoblins
  19 jackals
  2 quokkas (D:3)
  6 bats
  9 frilled lizards
  A jackal skeleton (D:5)
  9 kobolds
  6 rats
188 creatures vanquished.

Notes
Turn   | Place    | Note
-------+----------+-------------------------------------------
     0 | D:1      | dobroeutro the Troll Monk began the quest for the Orb.
     0 | D:1      | Reached XP level 1. HP: 22/22 MP: 0/0
   203 | D:1      | Reached XP level 2. HP: 27/29 MP: 1/1
   477 | D:2      | Found a blossoming altar of Fedhas.
   481 | D:2      | Found a bloodstained altar of Trog.
   486 | D:2      | Found a snail-covered altar of Cheibriados.
   524 | D:2      | Became a worshipper of Cheibriados the Contemplative
   524 | D:2      | Reached * piety under Cheibriados
   524 | D:2      | Reached ** piety under Cheibriados
   549 | D:2      | Found a faded altar of an unknown god.
   551 | D:2      | Reached XP level 3. HP: 36/36 MP: 2/2
   619 | D:2      | Noticed Jessica
   631 | D:2      | Killed Jessica
   631 | D:2      | Reached skill level 1 in Armour
   678 | D:2      | Reached XP level 4. HP: 44/44 MP: 3/3
  1468 | D:3      | Reached *** piety under Cheibriados
  1726 | D:3      | Reached XP level 5. HP: 32/53 MP: 4/4
  1945 | D:4      | Reached **** piety under Cheibriados
  2124 | D:4      | Reached skill level 4 in Unarmed Combat
  2568 | D:4      | Reached XP level 6. HP: 61/61 MP: 5/5
  2748 | D:4      | Reached ***** piety under Cheibriados
  2794 | D:4      | Reached skill level 1 in Invocations
  3013 | D:4      | Reached XP level 7. HP: 48/68 MP: 7/7
  3131 | D:5      | Entered Level 5 of the Dungeon
  3440 | D:5      | Reached ****** piety under Cheibriados
  3445 | D:5      | Reached skill level 5 in Unarmed Combat
  3462 | D:5      | Reached XP level 8. HP: 74/79 MP: 9/9
  3561 | D:5      | Found Epsios's Antique Weapon Boutique.
  3650 | D:6      | Noticed Edmund
  3671 | D:6      | HP: 3/79 [Edmund/flail of holy wrath (8)]
  3671 | D:6      | HP: 1/79 [orc/dagger (2)]
  3672 | D:6      | Slain by Edmund

Skill      XL: |  1  2  3  4  5  6  7 |
---------------+----------------------+-----
Armour         | 1 2 3 |  3.5
Fighting       | 3 4 |  4.6
Dodging        | 3 4 |  4.5
Unarmed Combat | 4 5 |  5.2
Invocations    | 1 3 |  3.3
Stealth        | |  1.0

Action                   |  1- 3 |  4- 6 |  7- 9 || total
-------------------------+-------+-------+-------++-------
Melee: Unarmed           |    78 |   254 |   135 ||   467
       Punch             |     1 |     6 |     4 ||    11
  Use: Potion            |       |       |     7 ||     7
 Stab: Sleeping          |     2 |     2 |       ||     4
       Distracted        |       |     2 |       ||     2
  Eat: Chunk             |    10 |    15 |     5 ||    30
Armor: Robe              |    28 |    88 |    26 ||   142
Dodge: Dodged            |    32 |   212 |   135 ||   379
